 Dungeon Crawl Stone Soup version 0.32-a0-163-g159c032296 (webtiles) character file.

Game seed: 4351112073180119456

788 greenreed the Ruffian (level 8, -7/58 HPs)
             Began as a Djinni Shapeshifter on Feb 11, 2024.
             Mangled by an ogre
             ... wielding a +0 giant club
              (14 damage)
             ... on level 5 of the Dungeon.
             The game lasted 00:10:01 (4681 turns).

greenreed the Ruffian (Djinni Shapeshifter)         Turns: 4681, Time: 00:10:01

Health: -7/58      AC:  9    Str: 15    XL:     8   Next: 12%
Gold:   281        EV: 10    Int: 11    God:
                   SH:  0    Dex: 14

rFire   + +          +
                       - Unarmed
rCold   x . .        (no shield)
rNeg    . . .        k - +3 scale mail {rF+}
rPois   ∞            (helmet currently unavailable)
rElec   .            (cloak currently unavailable)
rCorr   .            (gloves currently unavailable)
SInv    .            (boots unavailable)
Will    .....        (no amulet) Stlth
                     (no ring)
HPRegen 0.29/turn    (no ring)
MPRegen 0.00/turn

%: infuse magic (-8 HP)
@: beast-form, flying
A: beast (slay +2), flying, sickness immunity, fire resistance 2, cold
vulnerability 1, float, innate caster, HP casting, extra vitality 1
a: Begin Untransformation


You were on level 5 of the Dungeon.
You were a hulking beast.
You visited 1 branch of the dungeon, and saw 5 of its levels.
You also visited: Ossuary.

You collected 435 gold pieces.
You spent 154 gold pieces at shops.

Inventory:

Armour
 k - a +3 scale mail of fire resistance (worn)
Talismans
 c - a beast talisman (active)
 d - a flux talisman
Scrolls
 a - a scroll of enchant weapon {unknown}
 e - 3 scrolls of immolation {unknown}
 f - 2 scrolls of acquirement {unknown}
 i - 8 scrolls of identify {unknown}
 j - a scroll of torment {unknown}
 m - a scroll of revelation {unknown}
 n - 2 scrolls of enchant armour {unknown}
 q - a scroll of poison {unknown}
 r - a scroll of brand weapon {unknown}
 w - 2 scrolls of teleportation {unknown}
Potions
 b - 2 potions of lignification
 g - 5 potions of curing {unknown}
 h - 2 potions of ambrosia {unknown}
 l - 3 potions of degeneration {unknown}
 o - a potion of berserk rage {unknown}
 p - 2 potions of attraction {unknown}
 s - 2 potions of haste {unknown}
 t - 3 potions of magic {unknown}
 u - a potion of experience {unknown}
 v - a potion of mutation {unknown}
 x - a potion of might {unknown}


   Skills:
 * Level 4.5 Fighting
 + Level 4.1 Dodging
 * Level 5.4 Unarmed Combat
 + Level 1.9 Spellcasting
 + Level 1.9 Conjurations
 + Level 1.9 Hexes
   Level 0.0 Charms
 + Level 1.9 Summonings
 + Level 1.9 Necromancy
 + Level 1.9 Translocations
   Level 0.0 Transmutations
 + Level 1.9 Fire Magic
 + Level 1.9 Ice Magic
 + Level 1.9 Air Magic
 + Level 1.9 Earth Magic
 + Level 1.9 Alchemy
 + Level 3.8 Shapeshifting


You knew the following spells:

 Your Spells              Type           Power      Damage    Failure   Level
a - Sting                 Conj/Alch      20%        1d4       50%         1
b - Momentum Strike       Conj/Tloc      10%        3d8       65%         2
c - Dazzling Flash        Conj/Hex       10%        N/A       86%         3
Your spell library was empty.

Dungeon Overview and Level Annotations

Branches:
Dungeon (5/15)            Ossuary (visited)
 Temple: D:4-7

Altars:
Makhleb

Shops:
D:1 :   D:2 [


Innate Abilities, Weirdness & Mutations

You are a hulking beast.
Your limbs bulge with bestial killing power. (Slay +2)
You are flying.
You are immune to sickness and miasma.
You are immune to poison.
Your flesh is very heat resistant. (rF++)
You are vulnerable to cold. (rC-)
You float through the air rather than walking.
You learn spells naturally, not from books.
Your magical power is your life essence.
You have superior vitality. (+4 MHP)


Message History

Press: ? - help, Shift-Dir - straight line The mass of ice explodes!
The iceblast engulfs the komodo dragon.
The komodo dragon is lightly wounded.
The komodo dragon bites you!!
A centaur comes into view.
Unknown command.
Unknown command.
Aiming: Iceblast
Press: ? - help, Shift-Dir - straight line The mass of ice explodes!
The iceblast engulfs the komodo dragon!!
The komodo dragon is heavily wounded.
The komodo dragon closely misses you.
Aiming: Iceblast
Press: ? - help, Shift-Dir - straight line The mass of ice explodes!
The iceblast engulfs the komodo dragon.
The komodo dragon is heavily wounded.
The komodo dragon bites you!!
* * * LOW HITPOINT WARNING * * *
Unknown command.
Aiming: Iceblast
Press: ? - help, Shift-Dir - straight line The mass of ice explodes!
The iceblast engulfs the komodo dragon!
The komodo dragon is severely wounded.
The komodo dragon bites you but does no damage.
Aiming: Iceblast
Press: ? - help, Shift-Dir - straight line The mass of ice explodes!
The iceblast engulfs the ogre!
The ogre is heavily wounded.
The iceblast engulfs the komodo dragon!
The komodo dragon is almost dead.
The komodo dragon bites you.
* * * LOW HITPOINT WARNING * * *
Unknown command.
Aiming: Iceblast
Press: ? - help, Shift-Dir - straight line The mass of ice explodes!
The iceblast engulfs the komodo dragon!
You kill the komodo dragon!
The now-empty wand crumbles to dust.
The ogre hits you with a +0 giant club!
You die...

...#....................#
...#..####+#######'####.#
...#..##.#.##...##.# #.#
#####.#..#..##'##..# #.#
......#†##....#....# .#.#
......#..##.......##..#.#
......#...'......h'...#.##
......#..##.....Oc## #..#
......#.##....#.h..## #..#
###+#.###...........###..#
......+...............'..#
......######.....######..#
###...# +#...#'....#..#
###...# ##.##).:.##..#
......# #.##....##..#
......# #.#...####..#
###...########'########..#


You could see an ogre, a centaur and a hound.

Vanquished Creatures
  A komodo dragon (D:5)
  A black bear (D:4)
  A phantom (D:4)
  Blork the orc (D:4)
  A scorpion (D:4)
  A bombardier beetle (D:5)
  3 hounds
  2 iguanas (D:5)
  8 mummies (Ossuary)
  Robin (D:2)
  7 adders
  2 white imps
  2 dart slugs
  5 ribbon worms
  An orc (D:5)
  7 ball pythons
  9 bats
  5 endoplasms
  4 giant cockroaches
  A gnoll zombie (Ossuary)
  24 goblins
  10 hobgoblins
  9 jackals
  A quokka (D:1)
  6 frilled lizards
  3 hobgoblin zombies (Ossuary)
  11 kobolds
  2 kobold zombies (Ossuary)
  2 orc zombies (Ossuary)
  10 rats
141 creatures vanquished.

Notes
Turn   | Place    | Note
-------+----------+-------------------------------------------
     0 | D:1      | greenreed the Djinni Shapeshifter began the quest for the
                  | Orb.
     0 | D:1      | Reached XP level 1. HP: 17/17 MP: 0/0
    87 | D:1      | Reached XP level 2. HP: 22/22 MP: 0/0
   282 | D:1      | Reached XP level 3. HP: 27/27 MP: 0/0
   282 | D:1      | Learned a level 1 spell: Sting
   361 | D:1      | Found Ihaer's Book Shoppe.
   819 | D:2      | Reached XP level 4. HP: 24/33 MP: 0/0
   946 | D:2      | Found a faded altar of an unknown god.
  1042 | D:2      | Found Hiytoum's Antique Armour Shop.
  1363 | D:2      | Noticed Robin
  1375 | D:2      | Killed Robin
  1376 | D:2      | Reached XP level 5. HP: 27/38 MP: 0/0
  1376 | D:2      | Learned a level 2 spell: Momentum Strike
  1735 | D:3      | Reached skill level 1 in Spellcasting
  1735 | D:3      | Reached skill level 1 in Conjurations
  1735 | D:3      | Reached skill level 1 in Hexes
  1735 | D:3      | Reached skill level 1 in Summonings
  1735 | D:3      | Reached skill level 1 in Necromancy
  1735 | D:3      | Reached skill level 1 in Translocations
  1735 | D:3      | Reached skill level 1 in Fire Magic
  1735 | D:3      | Reached skill level 1 in Ice Magic
  1735 | D:3      | Reached skill level 1 in Air Magic
  1735 | D:3      | Reached skill level 1 in Earth Magic
  1735 | D:3      | Reached skill level 1 in Alchemy
  1999 | D:3      | Reached skill level 4 in Unarmed Combat
  2363 | D:4      | Reached XP level 6. HP: 46/46 MP: 0/0
  2704 | D:4      | Noticed Blork the orc
  2719 | D:4      | Killed Blork the orc
  2720 | D:4      | Reached XP level 7. HP: 33/50 MP: 0/0
  2720 | D:4      | Learned a level 3 spell: Dazzling Flash
  2920 | D:4      | Found a burning altar of Makhleb.
  3255 | D:2      | Bought an encrusted leather armour for 154 gold pieces
  3255 | D:2      | Identified the +1 leather armour "Byv Zing" {Str+5 Dex+6
                  | Slay-3} (You bought it in a shop on level 2 of the Dungeon)
  3348 | D:5      | Entered Level 5 of the Dungeon
  3394 | D:5      | Reached skill level 5 in Unarmed Combat
  3762 | D:5      | Found a sand-covered staircase.
  3767 | Ossuary  | Entered an ossuary
  3821 | Ossuary  | HP: 2/52 [mummy (3)]
  3824 | Ossuary  | Reached XP level 8. HP: 3/58 MP: 0/0
  4674 | D:5      | Noticed a komodo dragon
  4681 | D:5      | Killed a komodo dragon
  4681 | D:5      | Mangled by an ogre

Illustrated notes

Levels and vault maps discovered:
D:1:      amcnicky_arrival_gap_in_the_tavern_cellar, layout_basic, serial_shops,
          shop
D:2:      kennysheep_the_goblin_king, layout_rooms,
          ebering_ecumenical_altar_ruins, serial_shops,
          nicolae_shop_back_alley_shop, uniq_robin
D:3:      layout_rooms, minmay_quadrilaterals
D:4:      layout_basic, bloody_makhleb, serial_glass, glass_columns_b,
          glass_columns_a, minmay_strange_pillars, minmay_strange_pillars,
          feat_on_display, minmay_crossroads, uniq_blork_the_orc
D:5:      layout_gridville, enter_ossuary_2, minmay_pentangle

Skill      XL: |  1  2  3  4  5  6  7 |
---------------+----------------------+-----
Fighting       | 2 3 4 |  4.5
Shapeshifting  | 3 |  3.8
Spellcasting   | 1 |  1.9
Conjurations   | 1 |  1.9
Hexes          | 1 |  1.9
Summonings     | 1 |  1.9
Necromancy     | 1 |  1.9
Translocations | 1 |  1.9
Fire Magic     | 1 |  1.9
Ice Magic      | 1 |  1.9
Air Magic      | 1 |  1.9
Earth Magic    | 1 |  1.9
Alchemy        | 1 |  1.9
Dodging        | 3 4 |  4.1
Unarmed Combat | 4 5 |  5.4

Action                     |  1- 3 |  4- 6 |  7- 9 || total
---------------------------+-------+-------+-------++-------
  Melee: Unarmed           |    80 |   271 |   128 ||   479
         Punch             |     1 |     6 |     3 ||    10
   Cast: Sting             |    11 |       |       ||    11
  Evoke: Wand              |       |       |     6 ||     6
    Use: Potion            |       |     1 |       ||     1
 Armour: Animal skin       |    26 |       |       ||    26
         Scale mail        |     7 |   169 |    91 ||   267
         Skin              |       |     4 |       ||     4
  Dodge: Dodged            |    52 |   162 |    65 ||   279
   Form: Beast             |     1 |       |       ||     1

Table legend: (Time is in decaauts)
 A = Elapsed time spent in this place.
 B = Non-inter-level travel time spent in this place.
 C = Inter-level travel time spent in this place.
 D = Time resting spent in this place.
 E = Time spent auto-exploring this place.
 F = Levels seen in this place.
 G = Mean time per level.
                   A        B        C        D        E       F      G
               +--------+--------+--------+--------+--------+-----+--------+
         Total |   4646 |   4262 |    384 |    292 |   3100 |   6 |  774.3 |
       Dungeon |   4159 |   3775 |    384 |    107 |   2908 |   5 |  831.8 |
       Ossuary |    486 |    486 |      0 |    185 |    192 |   1 |  486.0 |
               +--------+--------+--------+--------+--------+-----+--------+

Top non-repeatable levels by time:
     D:4: 949 daAuts
     D:2: 913 daAuts
     D:5: 835 daAuts
     D:1: 795 daAuts
     D:3: 665 daAuts
 Ossuary: 486 daAuts
